[Event "Athens of East GM-Open 2019"]
[Site "Madurai"]
[Date "2019.08.18"]
[Round "10.7"]
[White "Shyaamnikhil P"]
[Black "Lokesh, N.."]
[Result "1-0"]
[ECO "E06"]
[WhiteElo "2456"]
[BlackElo "2202"]
[Annotator "ChessBase"]
[PlyCount "131"]
[EventDate "2019.08.11"]
[EventType "swiss"]
[EventCountry "IND"]
[SourceTitle "playchess.com"]
[Source "ChessBase"]
[SourceQuality "1"]
[TimeControl "5400+30"]

1. g3 Nf6 2. Bg2 d5 3. c4 e6 4. d4 Be7 5. Nc3 O-O 6. Nf3 c6 7. O-O b6 8. Ne5 Bb7 9. e4 Na6 10. a3 dxc4 11. Nxc4 c5 12. d5 b5 13. Nxb5 exd5 14. e5 Ne4 15. Bxe4 dxe4 16. Nbd6 Bc6 17. Qg4 Qd7 18. Nf5 g6 19. Nxe7+ Qxe7 20. Bh6 Rfb8 21. Rad1 Nc7 22. Rd6 Bb5 23. Qxe4 Bxc4 24. Qxc4 Qxe5 25. Rd7 Ne6 26. Bf4 Qxb2 27. Bxb8 Rxb8 28. Rxa7 Rb3 29. Qd5 Qc3 30. a4 Rb2 31. h4 Rd2 32. Qe4 Qf6 33. Qe3 Nd4 34. Qe8+ Kg7 35. Ra8 Nf3+ 36. Kh1 Qd6 37. Qh8+ Kh6 38. Qf8+ Qxf8 39. Rxf8 Kg7 40. Rc8 Ra2 41. Kg2 Nd4 42. Rxc5 Rxa4 43. Rc7 h5 44. Rd1 Rb4 45. Ra7 Rc4 46. Rd3 Rb4 47. Kh3 Nc6 48. Rc7 Ne5 49. Ra3 Rb2 50. Kg2 Rd2 51. Raa7 Rb2 52. Rab7 Ra2 53. Re7 Kf6 54. Ra7 Rb2 55. Reb7 Rc2 56. Kf1 Kf5 57. Ra4 Kf6 58. Rf4+ Kg7 59. Re7 Rc5 60. Ke2 Kf8 61. Ra7 Rc2+ 62. Ke3 Kg7 63. Rb7 Kh6 64. Kd4 Re2 65. Kd5 f5 66. Re7 1-0

[Event "Athens of East GM-Open 2019"]
[Site "Madurai"]
[Date "2019.08.18"]
[Round "10.8"]
[White "Raja Rithvik R"]
[Black "Rajesh, V A V"]
[Result "1/2-1/2"]
[ECO "A39"]
[WhiteElo "2357"]
[BlackElo "2368"]
[Annotator "NA"]
[PlyCount "122"]
[EventDate "2019.08.11"]
[EventType "swiss"]
[EventCountry "IND"]
[SourceTitle "playchess.com"]
[Source "ChessBase"]
[SourceQuality "1"]
[TimeControl "5400+30"]

1. Nf3 Nf6 2. c4 c5 3. Nc3 Nc6 4. d4 cxd4 5. Nxd4 g6 6. g3 Bg7 7. Bg2 O-O 8. O-O Qa5 9. Nb3 Qh5 10. c5 {[%emt 0:00:06] A39: Symmetrical English vs ...g6: 4 Bg2 Bg7 5 Nf3 Nf6 6 0-0 0-0 7 d4} d6 (10... a5 11. Na4 d6 12. Nb6 Ra6 13. Nxc8 Rxc8 14. cxd6 exd6 15. a4 Rb6 16. h3 Qe5 17. Be3 Ra6 {0-1 (50) Nyzhnyk,I (2638)-So,W (2762) chess.com INT 2019}) 11. cxd6 Rd8 12. e4 Bg4 13. f3 Be6 14. Qe1 Bxb3 $146 ({Predecessor:} 14... Bc4 15. dxe7 Nxe7 16. Rf2 Nd7 17. h4 h6 {1-0 (30) Privara,I (2516)-Cardelli,G (2440) ICCF email 2013}) 15. dxe7 ({Much worse is} 15. axb3 $6 Qc5+ 16. Qf2 Qxf2+ 17. Kxf2 Rxd6 $11) 15... Qc5+ 16. Be3 Qxe7 17. axb3 Qb4 18. Qe2 Qxb3 19. Rfd1 a6 20. f4 Ne8 21. e5 Nc7 22. Ne4 Ne6 23. Nd6 Rd7 24. Ra3 Qb4 25. Rad3 Rad8 26. Qd2 Bf8 27. Qxb4 Nxb4 28. R3d2 Bxd6 29. exd6 Rc8 30. Bb6 Rc4 31. Ba5 $16 Nc2 32. Bd5 Ne3 33. Bxc4 Nxc4 34. Bc3 Nxd2 35. Rxd2 f5 36. Be5 Kf7 37. Rc2 Nd8 38. Rc8 Ke6 39. h4 Nf7 40. Re8+ Kd5 41. h5 gxh5 42. Kg2 h6 43. Kh3 Nxd6 44. Bxd6 Rxd6 45. Re5+ Kc4 46. Rxf5 Kb3 47. Kh4 Kxb2 48. Kxh5 b5 49. g4 b4 50. g5 hxg5 51. fxg5 b3 52. g6 Rd8 53. Ra5 Rh8+ 54. Kg5 Ra8 55. g7 Rg8 56. Kf6 Kc3 57. Rxa6 b2 58. Rb6 Kc2 59. Kf7 Rxg7+ 60. Kxg7 b1=Q 61. Rxb1 Kxb1 1/2-1/2

[Event "Athens of East GM-Open 2019"]
[Site "Madurai"]
[Date "2019.08.18"]
[Round "10.9"]
[White "Murali Krishnan B T"]
[Black "Khusenkhojaev, Muhammad"]
[Result "0-1"]
[ECO "D82"]
[WhiteElo "2192"]
[BlackElo "2441"]
[Annotator "NA"]
[PlyCount "144"]
[EventDate "2019.08.11"]
[EventType "swiss"]
[EventCountry "IND"]
[SourceTitle "playchess.com"]
[Source "ChessBase"]
[SourceQuality "1"]
[TimeControl "5400+30"]

1. d4 Nf6 2. c4 g6 3. Nc3 d5 4. Bf4 Bg7 5. e3 c5 6. dxc5 Qa5 7. Rc1 Ne4 8. cxd5 Nxc3 9. Qd2 Qxa2 10. bxc3 Qa5 11. Nf3 {[%emt 0:11:39] D82: Grünfeld: 4 Bf4} (11. Bc4 Nd7 {½-½ (60) Kramnik,V (2759)-Carlsen,M (2776) Nice 2009}) 11... Nd7 12. d6 ({Better is} 12. Bc4 $14 Nxc5 13. O-O O-O 14. Be5 Bxe5 15. Nxe5 f6 16. Ra1 Qb6 17. d6+ Kg7 18. dxe7 Re8 19. Nf3 Rxe7 20. Rfb1 Qc7 21. Nd4 Ne4 22. Qd3 {½-½ (60) Kramnik,V (2759)-Carlsen,M (2776) Nice 2009}) 12... e5 $146 ({Predecessor:} 12... e6 13. Bc4 Qxc5 14. Ba2 b6 15. O-O O-O 16. e4 Bb7 17. Rfe1 Rac8 18. Nd4 Rfe8 {0-1 (52) Santos,M (2346)-Utiyama,M Sao Paulo 2006}) 13. Bg3 Qxc5 14. Be2 O-O 15. O-O Nb6 16. Rfd1 Bf5 17. Qb2 Rfd8 18. Qb5 (18. c4 $11 {keeps the balance.}) 18... Qxb5 19. Bxb5 f6 20. Nh4 Be6 21. f4 Bb3 22. fxe5 $1 Bxd1 23. Rxd1 fxe5 24. Nf3 a6 25. Be2 {[%emt 0:00:57] [#]} Rac8 $1 26. Nxe5 Rxc3 27. Bg4 {[%emt 0:05:24] [#]} Re8 ({Don't play} 27... Rxe3 $6 28. Be6+ Kf8 29. Rf1+ Ke8 30. Bf7+ Kf8 31. Bc4+ Ke8 32. Bf7+ Kf8 33. Bc4+ Ke8 34. Bf7+ $11) ({Black should try} 27... Bf6 $1 $17 28. Nf3 Kf8) 28. d7 Nxd7 $1 29. Nxd7 Rexe3 30. Bf2 Red3 31. Rb1 Rc2 32. Nc5 Rdd2 33. Ne4 {[%emt 0:01:17] [#]} Rxf2 $1 34. Nxf2 Bd4 35. Rf1 b5 (35... Kg7 $17 36. g3 a5) 36. g3 a5 37. Kg2 a4 38. Kf3 a3 39. Nd3 a2 40. Be6+ Kg7 41. Bxa2 Rxa2 42. Rb1 Ra5 $17 43. Rb3 Bf6 44. Nb4 Be7 45. Nc6 Ra3 46. Rxa3 Bxa3 47. Nd4 b4 48. h3 Bb2 49. Nb3 Kf6 50. Ke4 Bc3 51. g4 Be1 52. Nd4 Bf2 53. Nb3 Ke6 54. Nc1 Kd6 55. Nb3 Bh4 56. Kd4 Be7 57. Nd2 Bf6+ 58. Ke4 Kc5 59. Kd3 Kd5 60. Nb3 Ke5 61. Nd4 Kf4 62. Ne6+ Kg3 63. Nf8 Kxh3 64. Nxh7 Be7 65. g5 Kg4 66. Nf6+ Kxg5 67. Nd5 Bd6 68. Kc4 Kf5 69. Kd3 g5 70. Ne3+ Kf4 71. Nc4 Be5 72. Nd2 Bc3 {[%emt 0:03:30] Kd4 Ke5+} 0-1

[Event "Athens of East GM-Open 2019"]
[Site "Madurai"]
[Date "2019.08.18"]
[Round "10.10"]
[White "Karthikeyan, P.."]
[Black "Lakshmi Narayanan M V"]
[Result "1/2-1/2"]
[ECO "E17"]
[WhiteElo "2415"]
[BlackElo "2166"]
[Annotator "NA"]
[PlyCount "96"]
[EventDate "2019.08.11"]
[EventType "swiss"]
[EventCountry "IND"]
[SourceTitle "playchess.com"]
[Source "ChessBase"]
[SourceQuality "1"]
[TimeControl "5400+30"]

1. Nf3 Nf6 2. c4 e6 3. g3 b6 4. Bg2 Bb7 5. O-O Be7 6. d4 O-O 7. Re1 d6 8. Qc2 {[%emt 0:02:03] E17: Queen's Indian: 4 g3 Bb7 5 Bg2 Be7} (8. Nc3 c5 9. d5 exd5 10. cxd5 b5 11. Nxb5 Bxd5 12. Bf4 Qb6 13. Nxd6 Bxd6 14. Bxd6 Qxd6 15. e4 Nxe4 16. Rxe4 {1-0 (28) Tkachiev,V (2661)-Fedorchuk,S (2645) Benidorm 2007}) 8... c5 9. e4 cxd4 10. Nxd4 Qc8 11. b3 Nc6 12. Bb2 a6 $146 ({Predecessor:} 12... Nxd4 13. Bxd4 e5 14. Bb2 b5 15. Nd2 Qc5 {0-1 (59) Jovanovic,Z (2336)-Illijin,N (2256) Obrenovac 2008}) 13. Nd2 Nxd4 14. Bxd4 Qc7 15. e5 dxe5 16. Bxe5 Qc8 17. Nf3 h6 18. Rad1 Bc6 19. Bd6 Qb7 20. Qe2 Rfd8 21. Bxe7 Qxe7 22. Ne5 Bxg2 23. Kxg2 Qb7+ 24. Qf3 Qxf3+ 25. Kxf3 Kf8 26. h4 h5 27. Ke3 Rac8 28. f3 Ke8 29. g4 hxg4 30. fxg4 Nd7 31. Nf3 Ke7 32. h5 b5 33. cxb5 axb5 34. Rc1 Nf6 35. Ne5 Nd5+ 36. Kf3 Rxc1 37. Rxc1 Ra8 38. Rc2 f6 39. Nc6+ Kd7 40. Nd4 b4 41. Ne2 Kd6 42. Ke4 $11 Ra5 43. Kd4 Ra8 44. Ng3 Ke7 45. Ne2 Kd6 46. Ng3 Ke7 47. Ne2 Kd6 48. Ke4 {[%emt 0:16:01] Ke5+ Kd4+ Kd6 Ng3} Ke7 {[%emt 0:00:30] Ne2 g6 hxg6 Rg8} 1/2-1/2

[Event "Athens of East GM-Open 2019"]
[Site "Madurai"]
[Date "2019.08.18"]
[Round "10.11"]
[White "Saravana, Krishnan P."]
[Black "Niraj, Saripalli"]
[Result "1-0"]
[ECO "C77"]
[WhiteElo "2277"]
[BlackElo "2150"]
[Annotator "NA"]
[PlyCount "105"]
[EventDate "2019.08.11"]
[EventType "swiss"]
[EventCountry "IND"]
[SourceTitle "playchess.com"]
[Source "ChessBase"]
[SourceQuality "1"]
[TimeControl "5400+30"]

1. e4 e5 2. Nf3 Nc6 3. Bb5 a6 4. Ba4 Nf6 5. Bxc6 dxc6 6. d3 Bd6 7. Nbd2 Nd7 8. b3 {[%emt 0:00:25] C77: Ruy Lopez: 3...a6 4 Ba4 Nf6, unusual lines} Nf8 9. Bb2 f6 $146 ({Predecessor:} 9... Ng6 10. Nc4 f6 11. Qd2 Bg4 12. Ng1 h5 13. f3 Be6 14. Ne3 a5 15. Ne2 a4 {½-½ (49) Bartel,M (2413)-Mikhalevski,V (2531) Moscow 2002}) 10. Nh4 Be6 11. Nf5 Qd7 12. Qf3 Ng6 13. Nc4 Bxf5 14. exf5 Nf4 15. g3 Bb4+ 16. Kf1 Qd5 17. Qe4 Nh3 $1 18. Ke2 Ng5 19. Qxd5 cxd5 20. Ne3 O-O-O 21. c4 dxc4 22. bxc4 c6 23. h4 Ne4 24. Rab1 Nc5 25. Ba1 $15 a5 26. Rhd1 Na4 27. Rbc1 Rd7 28. f4 exf4 29. gxf4 Re8 30. d4 Re4 31. Kf3 Rde7 32. Rd3 Bd2 33. Rxd2 Rxe3+ 34. Kg2 Re2+ 35. Rxe2 Rxe2+ 36. Kf3 Rxa2 37. d5 c5 38. Rb1 Kc7 39. Rg1 Kd6 40. Ke4 Nb6 41. Be5+ fxe5 42. fxe5+ Ke7 43. Rxg7+ Ke8 44. f6 Re2+ 45. Kf4 Nxc4 46. Re7+ Kf8 47. d6 Nxd6 48. exd6 Rxe7 49. dxe7+ Ke8 50. Kf5 Kd7 51. Kg5 a4 52. Kh6 a3 53. f7 1-0

[Event "Athens of East GM-Open 2019"]
[Site "Madurai"]
[Date "2019.08.18"]
[Round "10.12"]
[White "Sahoo, Utkal Ranjan"]
[Black "Surendran N"]
[Result "1-0"]
[ECO "B51"]
[WhiteElo "2278"]
[BlackElo "2152"]
[Annotator "ChessBase"]
[PlyCount "51"]
[EventDate "2019.08.11"]
[EventType "swiss"]
[EventCountry "IND"]
[SourceTitle "playchess.com"]
[Source "ChessBase"]
[SourceQuality "1"]
[TimeControl "5400+30"]

1. e4 c5 2. Nf3 d6 3. Bb5+ Nd7 4. d4 cxd4 5. Qxd4 a6 6. Bxd7+ Bxd7 7. c4 e5 8. Qd3 h6 9. Nc3 Nf6 10. O-O Be6 11. b3 Qc7 12. Ne1 Rc8 13. Bd2 Be7 14. Nc2 O-O 15. Ne3 Qc6 16. Rac1 Bd8 17. Ncd5 Re8 18. Rc2 g6 19. Bb4 Be7 20. Nxf6+ Bxf6 21. Bxd6 Red8 22. c5 Be7 23. Rd1 Rd7 24. h3 Rcd8 25. Nd5 Kh7 26. Bxe7 1-0

[Event "Athens of East GM-Open 2019"]
[Site "Madurai"]
[Date "2019.08.18"]
[Round "10.13"]
[White "Nikhil Magizhnan"]
[Black "Aaryan Varshney"]
[Result "1/2-1/2"]
[ECO "B22"]
[WhiteElo "2164"]
[BlackElo "2272"]
[Annotator "ChessBase"]
[PlyCount "123"]
[EventDate "2019.08.11"]
[EventType "swiss"]
[EventCountry "IND"]
[SourceTitle "playchess.com"]
[Source "ChessBase"]
[SourceQuality "1"]
[TimeControl "5400+30"]

1. e4 c5 2. c3 d5 3. exd5 Qxd5 4. d4 Nf6 5. Nf3 e6 6. Na3 a6 7. Nc4 Nbd7 8. Be2 cxd4 9. cxd4 b5 10. Ne3 Bb4+ 11. Bd2 Qd6 12. O-O Bxd2 13. Qxd2 O-O 14. Ng5 Bb7 15. Bf3 Bxf3 16. Nxf3 Rac8 17. Rac1 h6 18. h3 Rfd8 19. Rxc8 Rxc8 20. Rc1 Rc7 21. Rc2 Ne8 22. Qe2 Rxc2 23. Qxc2 Qc7 24. Qxc7 Nxc7 25. Ne5 Nb6 26. Kf1 f6 27. Nd3 Kf7 28. Ke2 Ke7 29. g3 a5 30. Nc5 a4 31. b3 axb3 32. axb3 Ncd5 33. Nxd5+ Nxd5 34. Kd3 Nb4+ 35. Kc3 Nd5+ 36. Kd3 f5 37. h4 g5 38. hxg5 hxg5 39. Ke2 g4 40. f3 gxf3+ 41. Kxf3 Kd6 42. g4 fxg4+ 43. Kxg4 Nc3 44. Kf3 Kd5 45. b4 Na2 46. Na6 Kc4 47. Nc7 Nxb4 48. Nxe6 Nd5 49. Ke4 b4 50. Nc5 Nc3+ 51. Ke3 Nb5 52. Na4 b3 53. d5 Kb4 54. Nb2 Kc3 55. Na4+ Kc2 56. Kf4 Nd6 57. Ke5 Nc4+ 58. Ke6 Kc1 59. d6 Nxd6 60. Kxd6 b2 61. Nxb2 Kxb2 62. Kd5 1/2-1/2

[Event "Athens of East GM-Open 2019"]
[Site "Madurai"]
[Date "2019.08.18"]
[Round "10.14"]
[White "Anilkumar, O.T."]
[Black "Nayak Rajesh"]
[Result "0-1"]
[ECO "B23"]
[WhiteElo "2023"]
[BlackElo "2250"]
[Annotator "NA"]
[PlyCount "112"]
[EventDate "2019.08.11"]
[EventType "swiss"]
[EventCountry "IND"]
[SourceTitle "playchess.com"]
[Source "ChessBase"]
[SourceQuality "1"]
[TimeControl "5400+30"]

1. e4 c5 2. Nc3 a6 3. a4 e6 4. g3 Nc6 5. Bg2 Nf6 6. Nh3 Be7 7. O-O Qc7 8. d3 O-O 9. f4 d6 10. g4 Re8 11. g5 Nd7 12. Ne2 Nf8 13. Ng3 d5 14. e5 $2 (14. f5 $16) 14... g6 $2 (14... Ng6 $15 {keeps the upper hand.}) 15. Nf2 Nd4 16. Ng4 Rd8 17. Nh6+ Kg7 18. Rf2 Nf5 19. Ng4 b6 20. Bd2 Bb7 21. Qe1 Rac8 22. c3 b5 23. b3 c4 24. axb5 axb5 25. bxc4 bxc4 26. d4 Ra8 27. Nf6 Ra5 28. Nxf5+ exf5 29. Be3 Rda8 30. Rxa5 Qxa5 31. Rb2 Bc6 32. Bd2 Bd8 33. Bf3 Ne6 $14 34. Kg2 Qa3 35. Qb1 Ra5 36. Kg3 Qe7 37. Qh1 Qa3 38. Rb8 Qa2 39. Qc1 Ra8 40. Rb2 Qa3 41. Qb1 Ra5 42. Rb8 Qe7 43. Qh1 Qa7 44. Rb2 Ra1 45. Rb1 Ra2 46. Be3 Qa5 47. Qc1 Be7 48. Rb2 Ra1 49. Rb1 Rxb1 50. Qxb1 Qxc3 51. Qc1 Qxc1 52. Bxc1 Nxd4 53. Bb2 Nxf3 54. Kxf3 d4+ 55. Ke2 c3 56. Bc1 Bb5+ 0-1

[Event "Athens of East GM-Open 2019"]
[Site "Madurai"]
[Date "2019.08.18"]
[Round "10.15"]
[White "Hari Madhavan N B"]
[Black "Dhanush Ragav N S"]
[Result "1-0"]
[ECO "D45"]
[WhiteElo "2231"]
[BlackElo "1753"]
[Annotator "ChessBase"]
[PlyCount "89"]
[EventDate "2019.08.11"]
[EventType "swiss"]
[EventCountry "IND"]
[SourceTitle "playchess.com"]
[Source "ChessBase"]
[SourceQuality "1"]
[TimeControl "5400+30"]

1. d4 d5 2. c4 c6 3. e3 Nf6 4. Nf3 e6 5. Nc3 Nbd7 6. Qc2 Bd6 7. cxd5 exd5 8. Bd3 O-O 9. O-O Re8 10. Re1 h6 11. Bd2 Nf8 12. h3 Qe7 13. e4 dxe4 14. Nxe4 Nxe4 15. Bxe4 Be6 16. d5 cxd5 17. Bxd5 Qd7 18. Bxe6 Rxe6 19. Bc3 Rae8 20. Rxe6 Nxe6 21. Qf5 Rd8 22. Ne5 Bxe5 23. Qxe5 Qd5 24. Qe3 Qc5 25. Qe2 Qd5 26. Re1 a6 27. a3 Qf5 28. Qe3 Rd3 29. Qb6 Qd5 30. Re5 Qc4 31. Qxb7 Rd1+ 32. Re1 Rxe1+ 33. Bxe1 Nf4 34. Qa8+ Kh7 35. Qf3 Qc1 36. Qe3 Qxe3 37. fxe3 Ne6 38. Kf2 Kg6 39. e4 f5 40. Ke3 Kg5 41. b4 Nf4 42. Bh4+ Kxh4 43. Kxf4 fxe4 44. a4 e3 45. Kxe3 1-0

[Event "Athens of East GM-Open 2019"]
[Site "Madurai"]
[Date "2019.08.18"]
[Round "10.16"]
[White "Jayachandra Srinivas Vellanki"]
[Black "Rathnakaran, K.."]
[Result "1/2-1/2"]
[ECO "A42"]
[WhiteElo "1963"]
[BlackElo "2344"]
[Annotator "NA"]
[PlyCount "96"]
[EventDate "2019.08.11"]
[EventType "swiss"]
[EventCountry "IND"]
[SourceTitle "playchess.com"]
[Source "ChessBase"]
[SourceQuality "1"]
[TimeControl "5400+30"]

1. d4 g6 2. c4 Bg7 3. Nc3 d6 4. e4 Nc6 5. Be3 e5 6. d5 Nce7 7. Nge2 f5 8. f3 Nf6 9. h3 O-O 10. Qd2 c6 {[%emt 0:00:05] A42: Modern Defence: Averbakh Variation} (10... a6 11. a4 a5 12. c5 dxc5 13. Bxc5 b6 14. Be3 Bd7 15. d6 cxd6 16. Qxd6 Nc8 17. Qxe5 Re8 18. Qd4 fxe4 19. fxe4 {1-0 (35) Morovic Fernandez,I (2528)-Martinez Duany,L (2511) Santa Maria del Mar 2017}) 11. g4 cxd5 12. cxd5 f4 $146 ({Predecessor:} 12... Bd7 13. a4 Nc8 14. Nc1 fxe4 15. fxe4 Nb6 16. a5 Nc8 17. Bd3 {½-½ (34) Lovass,I (2282)-Kopasz,R (2346) Hungary 2005}) 13. Bf2 Bd7 14. Nc1 a6 15. a4 Rc8 16. Be2 h5 17. g5 Nh7 18. h4 Rf7 19. Nb3 Bf8 20. a5 Qe8 21. O-O Rb8 22. Rfc1 Nc8 23. Qd1 Be7 24. Nd2 Bxg5 25. hxg5 Nxg5 26. Kf1 Nh3 {[%emt 0:00:46] [#]} 27. Bd3 (27. Qb3 $1 $16) 27... Qd8 ({Black should try} 27... Rg7 $15) 28. Qe1 g5 29. Ke2 g4 30. Bh4 Qe8 31. Kd1 g3 32. Nc4 Rg7 33. Ne2 Ba4+ 34. Kd2 b6 35. Rc3 bxa5 36. Qc1 Bb5 37. b3 (37. Nxa5 $5 Bxd3 38. Rxd3 $11) 37... a4 {[%emt 0:01:09] [#]} (37... Nf2 $1 $11 {keeps the balance.}) 38. bxa4 $1 Bxa4 39. Qa3 Bb5 40. Nxd6 Nxd6 41. Qxd6 Bxd3 42. Kxd3 Rb2 $2 (42... Qb5+ $11 {and Black is okay.} 43. Kd2 g2 44. Qe6+ {[%mdl 64] Double Attack} (44. Qxe5 g1=Q $11) 44... Kh7 45. Qxh3 (45. Qf5+ Kg8 $11) 45... Qb2+ {[%mdl 64] Double Attack} 46. Kd3 Qxa1 47. Qf5+ {[%mdl 64] Double Attack} Kg8 48. Rc8+ (48. Qe6+ Kh7 $11) 48... Rxc8 49. Qxc8+ Kh7 50. Qf5+ {[%mdl 64] Double Attack} Kg8 51. Qc8+ Kh7 52. Qf5+ {[%mdl 64] Double Attack} Kg8 53. Qc8+) 43. Rc6 Nf2+ {[%emt 0:35:07] [#]} 44. Kc3 $1 Rgb7 {[%emt 0:02:33] [#]} (44... Rxe2 $11 {keeps the balance.} 45. Qe6+ Qxe6 46. dxe6 Kh7) 45. Raxa6 $11 (45. Be7 $1 $16 R2b3+ (45... Rxe7 46. Kxb2) 46. Kc4) 45... Nd1+ 46. Kd3 Nf2+ 47. Kc3 Nd1+ 48. Kd3 Nf2+ {[%emt 0:18:36] Qa3 Rb8+} 1/2-1/2

[Event "Athens of East GM-Open 2019"]
[Site "Madurai"]
[Date "2019.08.18"]
[Round "10.17"]
[White "Rakesh, Kumar Nayak"]
[Black "Prasannaa.s"]
[Result "0-1"]
[ECO "B25"]
[WhiteElo "2042"]
[BlackElo "2233"]
[Annotator "NA"]
[PlyCount "106"]
[EventDate "2019.08.11"]
[EventType "swiss"]
[EventCountry "IND"]
[SourceTitle "playchess.com"]
[Source "ChessBase"]
[SourceQuality "1"]
[TimeControl "5400+30"]

1. e4 c5 2. Nc3 Nc6 3. g3 g6 4. Bg2 Bg7 5. Nge2 d6 6. d3 e6 7. O-O Nge7 8. Bd2 O-O 9. Qc1 Nd4 10. Nxd4 cxd4 {[%emt 0:00:07] B25: Closed Sicilian: 3 g3, lines without early Be3} 11. Ne2 d5 $146 ({Predecessor:} 11... e5 12. c3 dxc3 13. Bxc3 Bg4 14. Qe3 d5 15. Bb4 d4 16. Qd2 Re8 17. h3 Be6 18. f4 {½-½ (72) Grigoriev,A (2187)-Petrov,M (2493) Cesme 2015}) 12. Bh6 dxe4 13. dxe4 e5 14. h3 (14. Bxg7 $11 Kxg7 15. Qd2) 14... Be6 15. b3 Rc8 16. Bxg7 Kxg7 17. Qd2 Qd7 18. Kh2 Rfd8 19. Rad1 Nc6 20. f4 f6 21. Nc1 exf4 22. Qxf4 Qe7 23. Nd3 Bf7 24. Rf2 g5 25. Qd2 Bg6 26. Rdf1 Rd6 27. c4 Re6 ({Much worse is} 27... Bxe4 $6 28. Bxe4 Qxe4 29. Re1 $11) (27... dxc3 $1 $17 28. Qxc3 Rc7) 28. h4 gxh4 29. gxh4 Ne5 30. Bh3 Nxd3 31. Bxe6 $4 {[%emt 0:01:54] [#]} (31. Qxd3 $17 Rxe4 32. Qg3) 31... Nxf2 $2 ({Black should try} 31... Qd6+ $1 $19 32. Rf4 Nxf4 33. Rxf4 Qxe6 34. Qxd4 Re8) 32. Bxc8 Qc7+ 33. Kg2 Nxe4 34. Qf4 $2 (34. Qxd4 $17 Qxc8 35. Rf4) 34... Qxc8 35. h5 {[%emt 0:00:32] [#]} Qc6 $17 (35... Be8 $1 $19 {has better winning chances.} 36. Re1 Ng5 37. Re7+ Kh6 38. Qxf6+ Kxh5) 36. hxg6 hxg6 37. Qf3 d3 38. Qxd3 Nd2+ 39. Kg1 Nxf1 40. Kxf1 g5 41. Qe3 a6 42. c5 Qh1+ 43. Kf2 Qh2+ 44. Kf1 Qf4+ 45. Qxf4 gxf4 46. b4 Kf7 47. a4 Ke6 48. b5 axb5 49. axb5 Kd5 50. c6 bxc6 51. b6 Kd6 52. Kf2 c5 53. Kf3 Ke5 {[%emt 0:38:05] Ke3} 0-1

[Event "Athens of East GM-Open 2019"]
[Site "Madurai"]
[Date "2019.08.18"]
[Round "10.18"]
[White "Ram, S. Krishnan"]
[Black "Pattnayak Nilsu"]
[Result "1-0"]
[ECO "E16"]
[WhiteElo "2192"]
[BlackElo "1967"]
[Annotator "NA"]
[PlyCount "149"]
[EventDate "2019.08.11"]
[EventType "swiss"]
[EventCountry "IND"]
[SourceTitle "playchess.com"]
[Source "ChessBase"]
[SourceQuality "1"]
[TimeControl "5400+30"]

1. Nf3 Nf6 2. c4 e6 3. g3 b6 4. Bg2 Bb7 5. O-O g6 6. d4 d6 {[%emt 0:00:06] E16: Queen's Indian: 4 g3 Bb7 5 Bg2 Bb4+} (6... Bg7 7. Nc3 Ne4 8. Nxe4 Bxe4 9. Ne5 Bxg2 10. Kxg2 c5 11. Be3 Bxe5 12. dxe5 Qc7 13. Bd2 Nc6 14. Bc3 O-O-O 15. f4 h5 16. e3 g5 {0-1 (39) Fedoseev,V (2731)-Rodshtein,M (2695) Tbilisi 2017}) 7. Nc3 Bg7 8. d5 e5 9. e4 O-O 10. Ne1 Nbd7 11. Be3 a5 12. a3 $146 ({Predecessor:} 12. Nd3 Ba6 13. b3 Ne8 14. Rc1 Bc8 15. Kh1 Kh8 {1-0 (65) Grigoriev,A (2157)-Sahin,O (1664) Ordu 2017}) 12... Ba6 13. b3 Nh5 14. Rc1 Qe8 15. Nb5 Rc8 16. Bf3 Ndf6 17. Qd3 Qd7 18. Qe2 Ra8 19. Nc2 $16 Ne8 20. Bxh5 gxh5 21. Qxh5 f5 22. exf5 Rxf5 23. Qe2 Qf7 24. Nc3 Nf6 25. Bd2 Re8 26. Ne3 Rh5 27. f3 Bc8 28. g4 Rg5 29. Ng2 Rg6 30. Nh4 e4 31. Nxg6 Qxg6 32. g5 h6 33. Qg2 e3 34. gxf6 Qxg2+ 35. Kxg2 exd2 36. Rcd1 Bxf6 37. Ne4 Be5 38. Rxd2 Kf7 39. f4 Bg7 40. Ng3 Re3 41. Rf3 Re1 42. f5 Bf6 43. Re2 Ra1 44. a4 Bd7 45. Re4 Rb1 46. Rg4 Rb2+ 47. Kh3 Be5 48. Nf1 Bf6 49. Rg2 Rb1 50. Ng3 Rd1 51. Ne4 Be5 52. Nf2 Rf1 53. Kg4 c6 54. Kh5 cxd5 55. cxd5 b5 56. f6 Bxf6 57. Rg6 Be8 58. Rgxf6+ Kg7+ 59. Kh4 bxa4 60. bxa4 Ra1 61. R6f4 Bxa4 62. Rg3+ Kh7 63. Rf7+ Kh8 64. Ng4 Rh1 65. Nf6 Rxh2+ 66. Rh3 Rxh3+ 67. Kxh3 Bc2 68. Kh4 Bg6 69. Ra7 a4 70. Ng4 a3 71. Nxh6 a2 72. Rxa2 Be4 73. Ra5 Kg7 74. Kg5 Bh7 75. Ra7+ 1-0

[Event "Athens of East GM-Open 2019"]
[Site "Madurai"]
[Date "2019.08.18"]
[Round "10.19"]
[White "Koustuv Dash"]
[Black "Patil, Pratik"]
[Result "1-0"]
[ECO "D85"]
[WhiteElo "1846"]
[BlackElo "2216"]
[Annotator "ChessBase"]
[PlyCount "99"]
[EventDate "2019.08.11"]
[EventType "swiss"]
[EventCountry "IND"]
[SourceTitle "playchess.com"]
[Source "ChessBase"]
[SourceQuality "1"]
[TimeControl "5400+30"]

1. d4 Nf6 2. c4 g6 3. Nc3 d5 4. cxd5 Nxd5 5. e4 Nxc3 6. bxc3 Bg7 7. Nf3 O-O 8. Rb1 c5 9. Be2 b6 10. O-O cxd4 11. cxd4 Bb7 12. d5 Nd7 13. Be3 Rc8 14. Qa4 a6 15. Rfc1 Rxc1+ 16. Rxc1 b5 17. Qb4 Nb6 18. Bxb6 Qxb6 19. Qxe7 b4 20. Qc7 Qxc7 21. Rxc7 Bc8 22. h3 h6 23. Bc4 a5 24. d6 Be6 25. Bxe6 fxe6 26. e5 a4 27. d7 b3 28. axb3 a3 29. Ra7 Rd8 30. b4 Bf8 31. Nd4 a2 32. Rxa2 Rxd7 33. Nc6 Rb7 34. Rb2 Rb5 35. Kf1 Kf7 36. f4 Ke8 37. Nd4 Rxb4 38. Rxb4 Bxb4 39. Nxe6 Ba5 40. Ke2 Bb6 41. Kd3 Ke7 42. Nd4 h5 43. Ke4 Bc7 44. g4 hxg4 45. hxg4 Kf7 46. Kd5 Bb8 47. Nc6 Bc7 48. Nd4 Bb8 49. Kc6 Ba7 50. Kd7 1-0